 Dungeon Crawl Stone Soup version 0.16-a0-4020-g6ff35b5 (console) character file.

149 Monkaria the Slasher (level 5, -1/51 (52) HPs)
             Began as a Minotaur Chaos Knight on Feb 17, 2015.
             Killed from afar by an orc wizard (9 damage)
             ... with a puff of flame
             ... on level 4 of the Dungeon.
             The game lasted 00:04:39 (2835 turns).

Monkaria the Slasher (Minotaur Chaos Knight)        Turns: 2835, Time: 00:04:39

HP:   -1/51 (52)    AC:  8    Str: 17    XL:     5   Next: 9%
MP:   2/2           EV: 11    Int:  9    God:    Xom [..*...]
Gold: 148           SH:  0    Dex: 10    Spells: 0 memorised, 4 levels left

rFire  . . .     SeeInvis .     a - +0 falchion (chaos)
rCold  . . .     Clarity  .     b - +2 leather armour
rNeg   . . .     SustAb   .     (no shield)
rPois  .         Gourm    .     (helmet restricted)
rElec  .         Spirit   .     (no cloak)
rCorr  .         Warding  .     (no gloves)
rMut   .         Stasis   .     k - +0 pair of boots
MR     .....                    (no amulet)
Stlth  ..........               (no ring)
                                m - +3 ring of protection

@: confused, not resistant to hostile enchantments, extremely unstealthy
A: retaliatory headbutt, horns 2, icy blue scales 1, deformed body, robust 1,
wild magic 1
a: Renounce Religion


You were on level 4 of the Dungeon.
You worshipped Xom.
You were a toy of Xom.
You were hungry.

You visited 1 branch of the dungeon, and saw 4 of its levels.

You collected 148 gold pieces.

Inventory:

Hand weapons
 a - a +0 falchion of chaos (weapon)
Missiles
 g - 14 poisoned needles
 t - 8 curare-tipped needles
 u - a throwing net (quivered)
 v - 5 needles of slowing
Armour
 b - a +2 leather armour (worn)
 k - a +0 pair of boots (worn)
Jewellery
 m - a +3 ring of protection (left hand)
 n - an uncursed amulet of stasis
Scrolls
 d - 2 scrolls of blinking {unknown}
 e - 8 scrolls of identify {unknown}
 f - a scroll of enchant armour {unknown}
 h - 2 scrolls of random uselessness {unknown}
 j - a scroll of amnesia {unknown}
 l - a scroll of remove curse {unknown}
 r - 2 scrolls of magic mapping {unknown}
Potions
 o - a potion of agility {unknown}
 q - a potion of heal wounds {unknown}
 s - a potion of magic {unknown}
 x - a potion of might {unknown}
Comestibles
 c - 5 bread rations
 p - 2 royal jellies


   Skills:
 - Level 5.0 Fighting
 + Level 6.0 Long Blades
 - Level 2.4 Armour
 - Level 1.1 Dodging


You had 4 spell levels left.
You didn't know any spells.

Dungeon Overview and Level Annotations

Branches:
Dungeon (4/15)
 Temple: D:4-7

Altars:
Nemelex Xobeh
Zin
The Shining One


Innate Abilities, Weirdness & Mutations

You reflexively headbutt those who attack you in melee.
You have a pair of horns on your head.
You are partially covered in icy blue scales (AC +1).
Armour fits poorly on your strangely shaped body.
You are robust (+10% HP).
Your spells are a little harder to cast, but a little more powerful.


Message History

* * * LOW HITPOINT WARNING * * *
You barely miss something. Your headbutt misses something.
Something hits you but does no damage. The orc hits you with a flail.
* * * LOW HITPOINT WARNING * * *
Something hits you.
* * * LOW HITPOINT WARNING * * *
Something hits you but does no damage.
Unknown command.
Unknown command.
Drink which item? (? for menu, Esc to quit)
It was a potion of ambrosia.
You are confused.
You feel invigorated. Something hits you but does no damage.
Something hits you.
* * * LOW HITPOINT WARNING * * *
The orc barely misses you. Something hits you but does no damage.
You hear some strange, mumbled words.
The puff of flame hits you!
You die...

....##
...!..#
.......##
.........##
..........
.........#
.........<#
..........#
........@##
.......o{#
...#...o#
## ###...
#..# #..#
.... ....
#..


You could see 2 orcs.

Vanquished Creatures
  Terence (D:2)
  2 gnolls
  3 adders
  A giant mite (D:3)
  A worm (D:3)
  3 giant geckos
  3 orcs
  A ball python (D:1)
  3 giant cockroaches
  8 goblins
  10 hobgoblins
  7 jackals
  6 kobolds
  3 quokkas (D:2)
  7 bats
  3 giant newts
  13 rats
75 creatures vanquished.

Notes
Turn   | Place    | Note
--------------------------------------------------------------
     0 | D:1      | Monkaria, the Minotaur Chaos Knight, began the quest for the Orb.
     0 | D:1      | Reached XP level 1. HP: 19/19 MP: 1/1
    45 | D:1      | XOM: harmless Ice miscast
   253 | D:1      | Reached skill level 4 in Fighting
   292 | D:1      | Reached XP level 2. HP: 17/28 MP: 1/1
   521 | D:1      | XOM: divination: detect creatures
   546 | D:1      | XOM: potion effect (invisibility)
   586 | D:1      | Reached skill level 5 in Fighting
   672 | D:2      | Reached XP level 3. HP: 36/36 MP: 2/2
   694 | D:1      | XOM: divination: detect creatures
  1029 | D:2      | XOM: butterfly on damage
  1036 | D:2      | Found a glowing golden altar of the Shining One.
  1041 | D:2      | XOM: mild Necr miscast
  1047 | D:2      | Gained mutation: Armour fits poorly on your strangely shaped body. [potion of mutation]
  1047 | D:2      | Gained mutation: Your spells are a little harder to cast, but a little more powerful. [potion of mutation]
  1047 | D:2      | Gained mutation: You are robust (+10% HP). [potion of mutation]
  1441 | D:2      | Reached XP level 4. HP: 40/45 MP: 2/2
  1488 | D:2      | XOM: divination: detect items
  1555 | D:2      | Reached skill level 5 in Long Blades
  1611 | D:2      | XOM: silly message
  1633 | D:2      | Noticed Terence
  1639 | D:2      | Killed Terence
  1689 | D:2      | XOM: give mutation
  1689 | D:2      | Gained mutation: You are partially covered in icy blue scales (AC +1). [Xom's grace]
  2356 | D:3      | XOM: enchant monster (bad)
  2441 | D:3      | Found a sparkling altar of Nemelex Xobeh.
  2441 | D:3      | Found a glowing silver altar of Zin.
  2476 | D:3      | Reached XP level 5. HP: 43/51 MP: 2/2
  2489 | D:3      | XOM: mild Conj miscast
  2582 | D:3      | Reached skill level 6 in Long Blades
  2831 | D:4      | XOM: silly message
  2835 | D:4      | Killed from afar by an orc wizard

Action                   |  1- 3 |  4- 6 || total
-------------------------+-------+-------++-------
Melee: Falchion          |    75 |    90 ||   165
  Use: Potion            |     2 |     1 ||     3
 Stab: Invisible         |     1 |       ||     1
  Eat: Chunk             |     2 |     4 ||     6
